 Dungeon Crawl Stone Soup version 0.32-a0-391-gce5c0aab1b (webtiles) character file.

Game seed: 17144435545663540966

679 runemasterragnar the Slasher (level 7, -4/56 HPs)
             Began as a Coglin Chaos Knight on Feb 19, 2024.
             Was a Plaything of Xom.
             Slain by Ijyb
             ... wielding a +4 spectral club
              (5 damage)
             ... on level 5 of the Dungeon.
             The game lasted 00:03:42 (3089 turns).

runemasterragnar the Slasher (Coglin Chaos Knight)  Turns: 3089, Time: 00:03:43

Health: -4/56      AC:  8    Str: 15    XL:     7   Next: 60%
Magic:  7/7        EV: 11    Int:  9    God:    Xom [.*....]
Gold:   177        SH:  0    Dex: 13    Spells: 6/6 levels left

rFire   + . .        a - +0 falchion (chaos) {Francisco}
rCold   + . .        i - +1 short sword (venom) {Choonhe}
rNeg    . . .        b - +2 leather armour
rPois   +            (no helmet)
rElec   +            (no cloak)
rCorr   +            g - +2 pair of gloves
SInv    .            (no boots)
Will    .....        (no amulet)
Stlth   +            (no ring)
HPRegen 0.29/turn    (no ring)
MPRegen 0.10/turn

%: clarity
@: resistant, revved, stiff-legged, very slow
A: off-hand wielding, slow wielding, warmup strikes, warmup strides, clarity,
dopey 1
a: Renounce Religion


You were on level 5 of the Dungeon.
You worshipped Xom.
You were a plaything of Xom.
You visited 1 branch of the dungeon, and saw 5 of its levels.

You collected 177 gold pieces.

Inventory:

Hand Weapons
 a - a +0 falchion of chaos (weapon) {Francisco}
 f - the +1 broad axe of the Final Decision {vamp, rElec rC- Will+ rCorr}
   (You found it on level 4 of the Dungeon)

   rC-:       It makes you vulnerable to cold.
   rElec:     It insulates you from electricity.
   Will+:     It increases your willpower.
   rCorr:     It protects you from acid and corrosion.
 i - a +1 short sword of venom (worn) {Choonhe}
Armour
 b - a +2 leather armour (worn)
 c - a +1 cloak
 g - a +2 pair of gloves (worn)
Wands
 r - a wand of flame (8)
Scrolls
 d - a scroll of teleportation {unknown}
 j - 4 scrolls of amnesia
 k - 2 scrolls of enchant armour
 l - a scroll of fear {unknown}
 o - a scroll of revelation {unknown}
 q - a scroll of blinking {unknown}
 s - 2 scrolls of enchant weapon {unknown}
Potions
 e - a potion of haste
 m - 3 potions of brilliance
 t - a potion of invisibility {unknown}


   Skills:
 + Level 5.5 Fighting
 * Level 7.2 Long Blades
 - Level 1.7 Armour
 - Level 0.8 Dodging


You had 6 spell levels left.
You didn't know any spells.
Your spell library contained the following spells:

 Spells                   Type           Power      Damage    Failure   Level
 Magic Dart               Conj           0%         1d3       45%         1
 Searing Ray              Conj           0%         2d4       58%         2
 Fulminant Prism          Conj/Alch      0%         3d5       99%         4


Dungeon Overview and Level Annotations

Branches:
Dungeon (5/15)
 Temple: D:4-7

Altars:
Qazlal

Shops:
D:3 (

Annotations:
D:5 Ijyb


Innate Abilities, Weirdness & Mutations

You can wield a second weapon in your off-hand.
It takes a long time for you to wield or remove held weapons.
Your first few attacks do less damage.
Your first movements take longer.
You possess an exceptional clarity of mind.
You are dopey. (Int -2)


Message History

Unknown command.
You hit Ijyb but do no damage.
Ijyb is moderately wounded.
You hit Ijyb with your +0 falchion of chaos.
Ijyb looks as sick as possible!
The adder bites you but does no damage.
The +4 spectral club disappears.
Ijyb hits you with a +4 spectral club.
The +4 spectral club closely misses you.
The adder completely misses you.
A +4 spectral club comes into view.
You hit Ijyb but do no damage.
Ijyb looks as sick as possible!
Ijyb is heavily wounded.
You barely miss Ijyb with your +0 falchion of chaos.
Ijyb zaps a wand.
The puff of flame hits you. The adder bites you but does no damage.
Unknown command.
You hit Ijyb but do no damage.
Ijyb seems to grow stronger.
Ijyb is severely wounded.
You hit Ijyb but do no damage.
Ijyb looks as sick as possible!
The +4 spectral club disappears.
Ijyb zaps a wand.
The puff of flame hits you!
* * * LOW HITPOINT WARNING * * *
The adder bites you.
* * * LOW HITPOINT WARNING * * *
Unknown command.
Unknown command.
You barely miss Ijyb with your +0 falchion of chaos.
Ijyb is severely wounded.
You hit Ijyb with your +1 short sword of venom.
The adder closely misses you. Ijyb barely misses you.
The +4 spectral club hits you.
* * * LOW HITPOINT WARNING * * *
Xom is amused.
A +4 spectral club comes into view.
It was a potion of resistance.
You feel protected.
Xom thinks this is hilarious!
The adder bites you.
* * * LOW HITPOINT WARNING * * *
Ijyb hits you with a +4 spectral club.
You die...
Ijyb moans, "Good help so hard to find!"

#.# #..##.#.#
..# ##.##...#
#### #......#
##...###
#.....#
#.....#
#.....#
##...## ##@##
.....(.gSf...#
.##.###.####.#
#.# ... ###


You could see a sleepcap, a +4 spectral club, Ijyb (strong, extremely poisoned)
and an adder.

Vanquished Creatures
  A polar bear (D:4)
  The ghost of ytrimaz the Slasher, an amateur CoGl (D:3)
  A phantom (D:4)
  A scorpion (D:5)
  A bombardier beetle (D:4)
  2 orc priests
  An adder (D:5)
  2 dart slugs (D:1)
  3 ribbon worms
  6 orcs
  8 ball pythons
  3 bats
  4 endoplasms
  15 giant cockroaches
  3 goblins
  4 hobgoblins
  3 jackals (D:1)
  2 quokkas
  2 frilled lizards
  3 kobolds
  7 rats (D:1)
73 creatures vanquished.

Vanquished Creatures (others)
  A giant cockroach zombie (D:1)
1 creature vanquished.

Grand Total: 74 creatures vanquished

Notes
Turn   | Place    | Note
-------+----------+-------------------------------------------
     0 | D:1      | runemasterragnar the Coglin Chaos Knight began the quest
                  | for the Orb.
     0 | D:1      | Reached XP level 1. HP: 18/18 MP: 1/1
    87 | D:1      | XOM: silly message
    94 | D:1      | Reached XP level 2. HP: 24/24 MP: 2/2
   231 | D:1      | Reached XP level 3. HP: 29/29 MP: 3/3
   293 | D:1      | XOM: smoke on damage
   376 | D:1      | XOM: smoke on damage
   387 | D:1      | Reached skill level 4 in Long Blades
   598 | D:1      | XOM: silly message
   951 | D:2      | XOM: noise
  1017 | D:2      | Reached XP level 4. HP: 36/36 MP: 4/4
  1158 | D:2      | XOM: give mutation
  1158 | D:2      | Gained mutation: You are dopey. (Int -2) [Xom's mischief]
  1304 | D:2      | Found a stormy altar of Qazlal.
  1440 | D:2      | Found a faded altar of an unknown god.
  1549 | D:3      | Found a runed translucent gate.
  1553 | D:3      | Found a runed translucent gate.
  1554 | D:3      | Found a runed translucent gate.
  1554 | D:3      | Noticed ytrimaz's ghost (amateur CoGl)
  1558 | D:3      | Found Holao's Antique Weapon Emporium.
  1619 | D:3      | XOM: give mutation
  1619 | D:3      | Gained mutation: You possess an exceptional clarity of
                  | mind. [Xom's mischief]
  1693 | D:3      | XOM: butterfly on damage
  1749 | D:3      | Reached skill level 5 in Long Blades
  1749 | D:3      | Reached XP level 5. HP: 32/42 MP: 5/5
  1931 | D:3      | XOM: 3-stop teleportation journey
  2195 | D:3      | XOM: potion effect (curing)
  2199 | D:3      | Killed ytrimaz's ghost
  2238 | D:4      | Reached XP level 6. HP: 49/49 MP: 6/6
  2387 | D:4      | Noticed Edmund
  2397 | D:4      | Edmund changed into Edmund the polar bear
  2397 | D:4      | Noticed Edmund
  2397 | D:4      | XOM: polymorph Edmund -> Edmund the polar bear
  2399 | D:4      | Killed Edmund the polar bear
  2400 | D:4      | Reached skill level 5 in Fighting
  2400 | D:4      | Reached skill level 6 in Long Blades
  2400 | D:4      | Reached XP level 7. HP: 14/56 MP: 7/7
  2404 | D:4      | HP: 2/56 [poisoned by Edmund]
  2447 | D:4      | XOM: enchant monster (bad)
  2506 | D:4      | XOM: summons 3 hostile shadow creatures
  2517 | D:5      | Entered Level 5 of the Dungeon
  2658 | D:5      | Reached skill level 7 in Long Blades
  2777 | D:4      | Identified the +1 broad axe of the Final Decision {vamp,
                  | rElec rC- Will+ rCorr}
  3075 | D:5      | Noticed Ijyb
  3089 | D:5      | HP: 1/56 [adder (3)]
  3089 | D:5      | Slain by Ijyb

Illustrated notes

Levels and vault maps discovered:
D:1:      minmay_arrival_diagonal_passages, layout_basic, serial_aquarium,
          aquarium_bridge_long_separate [aquarium_subvault_bridge,
          aquarium_subvault_window, aquarium_subvault_bridge,
          aquarium_subvault_bridge, aquarium_subvault_bridge,
          aquarium_subvault_wall], aquarium_window_2, aquarium_window_1,
          aquarium_view_2a, aquarium_balcony_3b, minmay_close_crescents
D:2:      layout_loops_ring, nicolae_ecumenical_lake_church, basic_altar
D:3:      minmay_roachtagon, layout_rooms, ebering_ghost_rock_garden,
          serial_shops, shop
D:4:      layout_cave_pools, dk_noncrumbling_4, minmay_fountain_box, uniq_edmund
D:5:      minmay_chambers_of_fours, layout_loops_cross,
          mainiacjoe_overflow_six_doors_small, minmay_diced_spiral, uniq_ijyb

Skill      XL: |  1  2  3  4  5  6  7 |
---------------+----------------------+-----
Long Blades    | 4 5 6 7 |  7.2
Fighting       | 4 5 |  5.5
Armour         | |  1.7
Dodging        | |  0.8

Action                     |  1- 3 |  4- 6 |  7- 9 || total
---------------------------+-------+-------+-------++-------
  Melee: Falchion          |    82 |    65 |    35 ||   182
         Short sword       |    14 |    61 |    31 ||   106
    Use: Scroll            |       |     4 |     3 ||     7
         Potion            |       |     3 |     4 ||     7
   Stab: Confused          |       |       |     1 ||     1
         Sleeping          |       |       |     1 ||     1
 Armour: Leather armour    |    57 |    56 |    34 ||   147
         Skin              |       |     2 |     5 ||     7
  Dodge: Dodged            |    56 |    48 |    27 ||   131

Table legend: (Time is in decaauts)
 A = Elapsed time spent in this place.
 B = Non-inter-level travel time spent in this place.
 C = Inter-level travel time spent in this place.
 D = Time resting spent in this place.
 E = Time spent auto-exploring this place.
 F = Levels seen in this place.
 G = Mean time per level.
                   A        B        C        D        E       F      G
               +--------+--------+--------+--------+--------+-----+--------+
         Total |   3197 |   3064 |    133 |    171 |   2318 |   5 |  639.4 |
       Dungeon |   3197 |   3064 |    133 |    171 |   2318 |   5 |  639.4 |
               +--------+--------+--------+--------+--------+-----+--------+

Top non-repeatable levels by time:
     D:1: 991 daAuts
     D:4: 698 daAuts
     D:3: 693 daAuts
     D:2: 640 daAuts
     D:5: 174 daAuts
